 Dungeon Sprint DCSS version 0.17-a0-1805-g6093636 (webtiles) character file.

639 nuthulu the Fighter (level 7, -4/76 HPs)
             Began as a Gargoyle Berserker on Sept 12, 2015.
             Was a High Priest of Trog.
             Slain by a human
             ... wielding a +1 short sword of electrocution
              (12 damage)
             ... in the Dungeon (Sprint III: "The Ten Rune Challenge").
             The game lasted 00:02:25 (1186 turns).

nuthulu the Fighter (Gargoyle Berserker)            Turns: 1186, Time: 00:02:25

Health: -4/76      AC:  7    Str: 26    XL:     7   Next: 50%
Magic:  7/7        EV: 15    Int:  7    God:    Trog [*****.]
Gold:   20         SH:  0    Dex: 11    Spells: 0 memorised, 6 levels left

rFire  . . .     SeeInvis .     a - +0 mace
rCold  . . .     Clarity  .     b - +0 animal skin
rNeg   + . .     SustAt   .     (no shield)
rPois  ∞         Gourm    .     (no helmet)
rElec  +         Spirit   .     (no cloak)
rCorr  .         Warding  .     (no gloves)
rMut   .         NoTele   +     (no boots)
MR     .....                    (no amulet)
Stlth  ..........               (no ring)
                                (no ring)

@: berserking, very quick, not resistant to hostile enchantments, extremely
unstealthy
A: negative energy resistance 1, electricity resistance, unbreathing,
petrification resistance, rot immunity, AC +4
a: Burn Spellbooks, Berserk, Trog's Hand, Brothers in Arms, Renounce Religion


You were in the Dungeon.
You worshipped Trog.
Trog was extremely pleased with you.
You were hungry.

You visited 1 branch You collected 20 gold pieces.

Inventory:

Hand weapons
 a - a +0 mace (weapon)
Armour
 b - a +0 animal skin (worn)
Magical devices
 l - a wand of confusion (30)
Scrolls
 i - a scroll of blinking
 j - a scroll of amnesia {unknown}
 m - a scroll of immolation {unknown}
 n - a scroll of identify
 q - a scroll of torment {unknown}
 r - 2 scrolls of remove curse
Potions
 d - a potion of curing
 e - a potion of heal wounds
 f - a potion of haste
 g - 3 potions of magic
 h - a potion of berserk rage
 k - a potion of lignification
 p - 2 potions of cure mutation
 t - a potion of agility {unknown}
Comestibles
 c - a bread ration
 o - a royal jelly
 s - 2 fruits


   Skills:
 + Level 9.3 Fighting
 + Level 8.5 Maces & Flails
 + Level 9.0 Armour
 + Level 6.8 Dodging


You had 6 spell levels left.
You didn't know any spells.

Dungeon Overview and Level Annotations

Branches:
Dungeon (1/1)

Altars:
Cheibriados
Elyvilon
Fedhas
Kikubaaqudgha
Okawaru
Sif Muna
Trog
Vehumet
Yredelemnul
Zin
The Shining One


Innate Abilities, Weirdness & Mutations

You are resistant to torment.
Your stone body is resilient (AC +4).
You are immune to poison.
You resist negative energy.
You are resistant to electric shocks.
You can survive without breathing.
You are immune to petrification.
You are immune to rotting.


Message History

The human is moderately wounded.
The human misses you.
You barely miss the human.
The human is moderately wounded.
The human hits you with a short sword of electrocution!
* * * LOW HITPOINT WARNING * * *
You sock the human!
The human is heavily wounded.
The human closely misses you.
You closely miss the human.
The human is heavily wounded.
The human hits you with a short sword of electrocution.
* * * LOW HITPOINT WARNING * * *
You hit the human.
The human is heavily wounded.
The human misses you.
You sock the human!
The human is severely wounded.
The human hits you with a short sword of electrocution!
You die...

▓▓▓ ▓▓▓ ..♣♣
♣.############ ...♣♣♣
♣♣.#___#__[#__# ...♣.♣
♣..#)..#...#._# ...≈.♣
♣..###'#p###)##
..≈≈.♣♣♣♣.#....†@....#
.≈≈≈≈♣..♣.+.⌠........#
.≈≈≈≈≈≈.♣.#...######+#
≈≈≈≈≈≈....#.⌠.#
≈≈≈≈≈.....#...#
≈≈≈.......#)###
..........#.§.#
..........#___#
▓▓▓▓▓▓▓▓▓▓▓▓▓▓▓


You could see a human (berserk).

Vanquished Creatures
  A deep elf priest (D)
  A necrophage (D)
  A water elemental (D)
  Jessica (D)
  A necromancer (D)
  A wolf (D)
  A wizard (D)
  2 humans (D)
  A kobold demonologist (D)
  2 oozes (D)
  A rat (D)
13 creatures vanquished.

Vanquished Creatures (others)
  2 draconian scorchers (D)
  3 yaktaurs (D)
5 creatures vanquished.

Grand Total: 18 creatures vanquished

Notes
Turn   | Place    | Note
--------------------------------------------------------------
     0 | D        | nuthulu the Gargoyle Berserker began the quest for the Orb.
     0 | D        | Reached XP level 1. HP: 14/14 MP: 1/1
    15 | D        | Acquired Trog's second power
    15 | D        | Reached skill level 4 in Fighting
    15 | D        | Reached XP level 2. HP: 16/20 MP: 2/2
    28 | D        | Killed a yaktaur
    74 | D        | Noticed Jessica
    87 | D        | Killed Jessica
    87 | D        | Reached XP level 3. HP: 23/25 MP: 3/3
   101 | D        | Noticed a wolf
   108 | D        | Killed a wolf
   108 | D        | Reached skill level 5 in Fighting
   108 | D        | Reached XP level 4. HP: 2/31 MP: 4/4
   207 | D        | Killed a white draconian scorcher
   219 | D        | Killed a yaktaur
   258 | D        | Killed a white draconian scorcher
   343 | D        | Killed a yaktaur
   418 | D        | Reached skill level 5 in Maces & Flails
   562 | D        | Gained mutation: You are dopey. (Int -2) [potion of mutation]
   562 | D        | Gained mutation: You tend to lose your temper in combat. [potion of mutation]
   563 | D        | Gained mutation: You have sharp toenails. [potion of mutation]
   563 | D        | Gained mutation: You are agile. (Dex +2) [potion of mutation]
   564 | D        | Lost mutation: You are agile. (Dex +2) [potion of cure mutation]
   564 | D        | Lost mutation: You have sharp toenails. [potion of cure mutation]
   564 | D        | Lost mutation: You tend to lose your temper in combat. [potion of cure mutation]
   564 | D        | Lost mutation: You are dopey. (Int -2) [potion of cure mutation]
   580 | D        | Noticed a water elemental
   599 | D        | Killed a water elemental
   599 | D        | Reached skill level 6 in Fighting
   599 | D        | Reached skill level 5 in Armour
   599 | D        | Reached XP level 5. HP: 5/37 MP: 5/5
   933 | D        | Found a glowing silver altar of Zin.
   934 | D        | Found a glowing golden altar of the Shining One.
   934 | D        | Found a white marble altar of Elyvilon.
   934 | D        | Noticed a deep elf priest
   945 | D        | Killed a deep elf priest
   945 | D        | Reached skill level 8 in Fighting
   945 | D        | Reached skill level 5 in Dodging
   945 | D        | Reached XP level 6. HP: 44/44 MP: 6/6
   991 | D        | Found a radiant altar of Vehumet.
   991 | D        | Found a deep blue altar of Sif Muna.
   991 | D        | Found an ancient bone altar of Kikubaaqudgha.
   991 | D        | Noticed a wizard
   993 | D        | Killed a wizard
  1003 | D        | Acquired Trog's third power
  1017 | D        | Found a basalt altar of Yredelemnul.
  1017 | D        | Found a snail-covered altar of Cheibriados.
  1017 | D        | Found a blossoming altar of Fedhas.
  1017 | D        | Noticed a necrophage
  1017 | D        | Noticed a necromancer
  1026 | D        | Killed a necrophage
  1026 | D        | Reached XP level 7. HP: 48/50 MP: 7/7
  1038 | D        | Killed a necromancer
  1164 | D        | Found an iron altar of Okawaru.
  1165 | D        | Found a bloodstained altar of Trog.
  1165 | D        | Noticed a human
  1165 | D        | Noticed a human
  1173 | D        | Killed a human
  1173 | D        | Reached skill level 9 in Fighting
  1186 | D        | Slain by a human

Vault maps used:
D:        dungeon_sprint_mu

Action                   |  1- 3 |  4- 6 |  7- 9 || total
-------------------------+-------+-------+-------++-------
Melee: Mace              |    23 |    68 |    31 ||   122
Invok: Trog's Hand       |     1 |     2 |       ||     3
       Berserk           |       |     1 |     1 ||     2
       Burn Spellbooks   |       |     1 |       ||     1
  Use: Potion            |       |     4 |       ||     4
       Scroll            |       |     2 |       ||     2
  Eat: Fruit             |       |     1 |       ||     1
       Chunk             |       |     1 |       ||     1
